 Dungeon Crawl Stone Soup version 0.30-a0-862-g1aabd4f9c5 (webtiles) character file.

Game seed: 5659413729773111027

48 bande the Covered (level 3, -5/23 HPs)
             Began as a Gargoyle Fighter on Mar 8, 2023.
             Slain by a gnoll
             ... wielding a +0 flail
              (7 damage)
             ... on level 1 of the Dungeon.
             The game lasted 00:01:24 (939 turns).

bande the Covered (Gargoyle Fighter)                 Turns: 939, Time: 00:01:25

Health: -5/23      AC: 10    Str: 19    XL:     3   Next: 72%
Magic:  3/3        EV:  9    Int:  8    God:
Gold:   65         SH:  4    Dex: 11    Spells: 2/2 levels left

rFire   . . .      SeeInvis .    a - +0 war axe
rCold   . . .      Faith    .    c - +0 buckler
rNeg    + . .      Spirit   .    b - +0 scale mail
rPois   ∞          Reflect  .    (no helmet)
rElec   +          Rampage  .    (no cloak)
rCorr   .                        (no gloves)
Will    .....                    (no boots) Stlth
                                 (no amulet)
HPRegen 0.23/turn                (no ring)
MPRegen 0.08/turn                (no ring)

@: no status effects
A: sickness immunity, AC +3, negative energy resistance 1, electricity
resistance, torment resistance 1, petrification resistance
a: no special abilities


You were on level 1 of the Dungeon.
You visited 1 branch of the dungeon, and saw 2 of its levels.

You collected 65 gold pieces.

Inventory:

Hand Weapons
 a - a +0 war axe (weapon)
 h - a +0 war axe
Armour
 b - a +0 scale mail (worn)
 c - a +0 buckler (worn)
Scrolls
 e - a scroll of fear {unknown}
 f - a scroll of teleportation {unknown}
 g - a scroll of identify {unknown}
 i - a scroll of summoning {unknown}
Potions
 d - a potion of might
 j - a potion of curing {unknown}


   Skills:
 + Level 3.6 Fighting
 + Level 2.5 Axes
 + Level 3.8 Armour
 + Level 3.6 Shields


You had 2 spell levels left.
You didn't know any spells.
Your spell library was empty.

Dungeon Overview and Level Annotations

Branches:
Dungeon (2/15)

Altars:


Innate Abilities, Weirdness & Mutations

You are immune to sickness and miasma.
Your stone body is resilient. (AC +3)
You are immune to poison.
You resist negative energy. (rN+)
You are resistant to electric shocks. (rElec)
You are resistant to unholy torment.
You are immune to petrification.


Message History

No target in view!
No target in view!
No target in view!
No target in view!
You start resting.
HP restored.
You start waiting.
Done waiting.
You start waiting.
Done waiting.
You climb downwards.
The gnoll misses you. You block the gnoll's attack.
There is a stone staircase leading up here.
You hit the gnoll.
The gnoll is lightly wounded.
You hit the gnoll. The gnoll barely misses you.
The gnoll completely misses you.
You closely miss the gnoll.
The gnoll is moderately wounded.
You closely miss the gnoll. You block the gnoll's attack.
The gnoll hits you with a +0 flail.
You slash the gnoll!
The gnoll is almost dead.
You slash the gnoll! The gnoll hits you with a +0 flail!
You block the gnoll's attack. x2; The gnoll hits you with a +0 flail.
* * * LOW HITPOINT WARNING * * *
You are too injured to fight recklessly!
You are too injured to fight recklessly!
You are too injured to fight recklessly!
You are too injured to fight recklessly!
You are too injured to fight recklessly!
You are too injured to fight recklessly!
You are too injured to fight recklessly!
The gnoll closely misses you. The gnoll hits you with a +0 flail.
* * * LOW HITPOINT WARNING * * *
You climb upwards.
There is a stone staircase leading down here.
You hit the gnoll.
You kill the gnoll!
You barely miss the gnoll. The gnoll hits you with a +0 flail!
You die...

#.......##### #..#.#..#####
####### #............ #.....#
##.#.##...... ######## #.###.#
#.#.##.####. .......#####.###.#
#.#.##.##...
.####..........#.#####.........#.
.####...####.#.÷).(...#####.##.#.
.##.....# #.#(÷@####.# #......
.##.#..## #...÷g÷^##.# #......
.......# ####.##.##.# ####.##
.......# #.#.....# #...#
###.###########...###.## #.).#
#.# #...........# #..# #)... #.#
#........##.###..######...# #.#
#........##......##[....(.. #.#
#........####.##...........


You could see a gnoll.

Vanquished Creatures
  2 gnolls (D:1)
  A dart slug (D:1)
  5 bats (D:1)
  2 endoplasms (D:1)
  A giant cockroach (D:1)
  A goblin (D:1)
  4 hobgoblins (D:1)
  3 jackals (D:1)
  4 kobolds (D:1)
  6 quokkas (D:1)
  A frilled lizard (D:1)
30 creatures vanquished.

Notes
Turn   | Place    | Note
-------+----------+-------------------------------------------
     0 | D:1      | bande the Gargoyle Fighter began the quest for the Orb.
     0 | D:1      | Reached XP level 1. HP: 14/14 MP: 1/1
    97 | D:1      | Reached XP level 2. HP: 19/19 MP: 2/2
   360 | D:1      | Reached XP level 3. HP: 23/23 MP: 3/3
   937 | D:2      | HP: 1/23 [gnoll/+0 flail (2)]
   939 | D:1      | Slain by a gnoll

Illustrated notes

Levels and vault maps discovered:
D:1:      dpeg_arrival_tiny_a, layout_loops_cross
D:2:      wander_river, layout_loops_ring, shapermc_ecumenical_altar_acropolis,
          minmay_misc_feat_alley, corexii_hall_statues_i

Skill      XL: |  1  2 |
---------------+-------+-----
Axes           | 2 |  2.5
Fighting       | |  3.6
Armour         | |  3.8
Shields        | |  3.6

Action                     || total
---------------------------++-------
  Melee: War axe           ||    80
 Armour: Scale mail        ||    58
  Dodge: Dodged            ||    44
  Block: Buckler           ||    22

Table legend: (Time is in decaauts)
 A = Elapsed time spent in this place.
 B = Non-inter-level travel time spent in this place.
 C = Inter-level travel time spent in this place.
 D = Time resting spent in this place.
 E = Time spent auto-exploring this place.
 F = Levels seen in this place.
 G = Mean time per level.
                   A        B        C        D        E       F      G
               +--------+--------+--------+--------+--------+-----+--------+
         Total |    977 |    961 |     16 |    225 |    505 |   2 |  488.5 |
       Dungeon |    977 |    961 |     16 |    225 |    505 |   2 |  488.5 |
               +--------+--------+--------+--------+--------+-----+--------+

Top non-repeatable levels by time:
     D:1: 961 daAuts
     D:2: 15 daAuts
